 Dungeon Crawl Stone Soup version 0.22-a0-352-gc608dd7fdd (webtiles) character file.

3145 Kriby the Grappler (level 9, -2/83 HPs)
             Began as a Troll Monk on Apr 14, 2018.
             Was an Elder of Hepliaklqana.
             Killed from afar by an electric eel (10 damage)
             ... with a bolt of electricity
             ... on level 7 of the Dungeon.
             The game lasted 00:07:39 (4867 turns).

Kriby the Grappler (Troll Monk)                     Turns: 4867, Time: 00:07:39

Health: -2/83      AC:  6    Str: 24    XL:     9   Next: 62%
Magic:  8/8        EV: 10    Int:  6    God:    Hepliaklqana [****..]
Gold:   230        SH:  0    Dex: 12    Spells: 8/8 levels left

rFire    . . .     SeeInvis +     - Unarmed
rCold    . . .     Gourm    +   (no shield)
rNeg     + . .     Faith    .   a - +1 robe
rPois    .         Spirit   .   (helmet restricted)
rElec    .         Reflect  .   (no cloak)
rCorr    .         Harm     .   (gloves unavailable)
MR       .....                  (boots unavailable)
Stlth    ++........             (no amulet)
HPRegen  0.63/turn              r - ring of see invisible
MPRegen  0.11/turn              i - ring of positive energy

@: very slow
A: large, unfitting armour, reduced essence, claws 3, fast metabolism 3,
gourmand, regeneration 1, shaggy fur 1, tough skin 2
a: Recall Ancestor, Ancestor Identity, Transference, Idealise, Renounce Religion


You were on level 7 of the Dungeon.
You worshipped Hepliaklqana.
Hepliaklqana was greatly pleased with you.
You were completely stuffed.

You visited 1 branch of the dungeon, and saw 7 of its levels.

You collected 230 gold pieces.

Inventory:

Armour
 a - a +1 robe (worn)
Jewellery
 i - a ring of positive energy (right claw)
 p - a +6 ring of intelligence
 r - a ring of see invisible (left claw)
Wands
 f - a wand of clouds (3)
 l - a wand of scattershot (7)
Scrolls
 c - 5 scrolls of enchant weapon
 g - 3 scrolls of teleportation
 k - 2 scrolls of fear
 m - 3 scrolls of identify
Potions
 e - a potion of magic
 h - 2 potions of curing
 j - 2 potions of degeneration {unknown}
 o - a potion of might
Comestibles
 b - 8 rations
 d - a chunk of flesh


   Skills:
 + Level 7.0 Fighting
 - Level 2.4 Dodging
 - Level 1.0 Stealth
 * Level 11.3 Unarmed Combat


You had 8 spell levels left.
You didn't know any spells.

Dungeon Overview and Level Annotations

Branches:
Dungeon (7/15)
 Temple: D:4-7

Altars:
Ashenzari
Elyvilon
Gozag
Hepliaklqana
Okawaru
Sif Muna
Vehumet
Wu Jian
Zin
The Shining One


Innate Abilities, Weirdness & Mutations

You are too large for most types of armour.
You have claws for hands.
Your metabolism is lightning-fast.
You like to eat raw meat.
Your natural rate of healing is unusually fast.
You are covered in fur. (AC +1)
You have very tough skin. (AC +2)
Your life essence is reduced to manifest your ancestor. (-10% HP)


Message History

You mangle the plant!!
You destroy the plant!
An electric eel comes into view.
The electric eel shoots out a bolt of lightning at you!
The bolt of electricity misses the electric eel.
The bolt of electricity hits you!
The electric eel shoots out a bolt of lightning at you!
The bolt of electricity hits the electric eel.
The electric eel completely resists.
The bolt of electricity misses you.
You closely miss the electric eel.
The electric eel shoots out a bolt of lightning at you!
The bolt of electricity hits you! x2
* * * LOW HITPOINT WARNING * * *
You are too injured to fight recklessly!
You are too injured to fight recklessly!
The electric eel shoots out a bolt of lightning at you!
The bolt of electricity hits you!
* * * LOW HITPOINT WARNING * * *
The bolt of electricity hits you!
You die...

♣ ##.#### #.#...... ≈♣≈
......#.._....... ≈P≈≈≈♣
....#...#.#.#....
≈≈≈PP≈♣##.........#.....[
≈P≈≈≈≈≈♣.....#.# ######)
≈≈≈P≈P♣≈...#...# ##
≈≈P≈P≈P♣..##..### # P
≈≈≈≈P♣........#. #
≈≈≈≈♣;P♣@......÷.# #
≈≈≈≈≈P;≈≈.##....#### ##
≈≈≈≈≈≈;≈≈....##.##..####.
≈≈≈≈≈≈≈≈≈≈≈≈...###.####.....
≈≈≈≈≈≈≈≈≈≈♣♣##...)..........
≈≈≈≈≈≈≈≈P≈♣♣................
≈≈≈≈≈≈≈≈≈≈♣♣#.######.##..#..
≈≈≈≈≈≈≈≈≈♣P≈#.# #.........#
≈P≈≈≈≈≈≈≈≈♣♣#.# #..........


You could see 2 electric eels.

Vanquished Creatures
  Pikel (D:7)
  The ghost of Sassnadas the Chopper, a novice FoFi (D:4)
  Menkaure (D:7)
  2 orc warriors (D:6)
  2 phantoms
  2 ogres
  The ghost of dricus the Skirmisher, an amateur FoAK of Lugonu (D:3)
  4 bullfrogs (D:6)
  2 scorpions
  2 electric eels (D:7)
  A crimson imp (D:6)
  A bullfrog zombie (D:6)
  A quasit (D:5)
  A centaur skeleton (D:4)
  An orc priest (D:5)
  2 hounds
  7 orc wizards
  2 worker ants
  A hound zombie (D:6)
  2 hound skeletons
  9 adders
  A shadow imp (D:3)
  4 worms
  2 dart slugs
  A leopard gecko (D:3)
  19 orcs
  9 bats
  4 giant cockroaches
  12 goblins
  9 hobgoblins
  10 jackals
  2 quokkas
  3 frilled lizards
  3 kobolds
  6 rats
  2 plants (D:7)
133 creatures vanquished.

Vanquished Creatures (collateral kills)
  Joseph (D:7)
  A centaur (D:5)
  An orc priest (D:6)
  An orc wizard (D:6)
  Ijyb (D:5)
  An adder (D:2)
  4 orcs
  A giant cockroach (D:2)
  A goblin (D:4)
  A hobgoblin (D:3)
  2 quokkas
  4 bats
  A leopard gecko skeleton (D:5)
20 creatures vanquished.

Vanquished Creatures (others)
  2 hexers (D:7)
  An adder skeleton (D:7)
3 creatures vanquished.

Grand Total: 156 creatures vanquished

Notes
Turn   | Place    | Note
-------+----------+-------------------------------------------
     0 | D:1      | Kriby the Troll Monk began the quest for the Orb.
     0 | D:1      | Reached XP level 1. HP: 22/22 MP: 0/0
   342 | D:1      | Reached XP level 2. HP: 29/29 MP: 1/1
   787 | D:2      | Found a hazy altar of Hepliaklqana.
   798 | D:2      | Reached XP level 3. HP: 31/36 MP: 2/2
   806 | D:2      | Reached skill level 4 in Unarmed Combat
   819 | D:2      | Became a worshipper of Hepliaklqana the Forgotten
   819 | D:2      | Reached * piety under Hepliaklqana
   819 | D:2      | Reached ** piety under Hepliaklqana
  1021 | D:2      | Reached XP level 4. HP: 40/40 MP: 3/3
  1421 | D:3      | Noticed dricus's ghost (amateur FoAK)
  1505 | D:3      | Killed dricus's ghost
  1505 | D:3      | Reached skill level 5 in Unarmed Combat
  1505 | D:3      | Reached XP level 5. HP: 19/47 MP: 4/4
  2119 | D:3      | Found an ornate altar of the Wu Jian Council.
  2134 | D:3      | Remembered your ancestor Aula as a hexer
  2190 | D:4      | Reached XP level 6. HP: 55/55 MP: 2/5
  2247 | D:4      | Reached skill level 6 in Unarmed Combat
  2254 | D:4      | Noticed Sassnadas's ghost (novice FoFi)
  2255 | D:4      | Found an iron altar of Okawaru.
  2274 | D:4      | Killed Sassnadas's ghost
  2274 | D:4      | Reached skill level 7 in Unarmed Combat
  2274 | D:4      | Reached XP level 7. HP: 16/63 MP: 6/6
  2380 | D:4      | Found a glowing silver altar of Zin.
  2474 | D:4      | Found a radiant altar of Vehumet.
  2475 | D:4      | Reached *** piety under Hepliaklqana
  2671 | D:5      | Entered Level 5 of the Dungeon
  2947 | D:5      | Noticed Ijyb
  2962 | D:5      | Killed Ijyb
  3035 | D:5      | Reached skill level 5 in Fighting
  3035 | D:5      | Reached skill level 8 in Unarmed Combat
  3169 | D:5      | Reached XP level 8. HP: 67/72 MP: 7/7
  3751 | D:6      | Reached skill level 9 in Unarmed Combat
  3778 | D:6      | Reached **** piety under Hepliaklqana
  3828 | D:6      | Found a glowing golden altar of the Shining One.
  3863 | D:6      | Found a deep blue altar of Sif Muna.
  3894 | D:6      | Found an opulent altar of Gozag.
  4047 | D:6      | Reached skill level 10 in Unarmed Combat
  4055 | D:6      | Reached XP level 9. HP: 49/80 MP: 8/8
  4466 | D:7      | Found a shattered altar of Ashenzari.
  4529 | D:7      | Noticed Menkaure
  4531 | D:7      | Noticed Joseph
  4541 | D:7      | Killed Joseph
  4543 | D:7      | Killed Menkaure
  4576 | D:7      | Noticed Pikel
  4583 | D:7      | Killed Pikel
  4583 | D:7      | Reached skill level 11 in Unarmed Combat
  4648 | D:7      | Found a white marble altar of Elyvilon.
  4867 | D:7      | Killed from afar by an electric eel

Vault maps used:
D:1:      eino_arrival_water_cross
D:2:      lemuel_doored_altar
D:3:      marbit_many_paths, first_ration, grunt_ministairs_2
D:4:      lemuel_round_altar, overflow_temple_1_default,
          kennysheep_okawaru_gauntlet
D:5:      serial_curves, eino_curves_02, eino_curves_02, uniq_ijyb
D:6:      kennysheep_orc_sif_temple, grunt_gozag_statues, kennysheep_mini
D:7:      ashenzari_altar_1, minmay_temple_entry_hall, serial_bayou,
          serial_bayou_lake_a, serial_bayou_pond_e, serial_bayou_shore_b,
          grunt_ogre_cave, elyvilon_altar_5, uniq_joseph, uniq_pikel,
          uniq_menkaure

Skill      XL: |  1  2  3  4  5  6  7  8  9 |
---------------+----------------------------+-----
Unarmed Combat | 4 5 7 8 10 11 | 11.3
Fighting       | 3 4 5 6 7 |  7.0
Dodging        | |  2.4
Stealth        | |  1.0

Action                   |  1- 3 |  4- 6 |  7- 9 || total
-------------------------+-------+-------+-------++-------
Melee: Unarmed           |    90 |   126 |   164 ||   380
       Punch             |     1 |     4 |     5 ||    10
Invok: Recall Ancestor   |       |     1 |     1 ||     2
       Ancestor Life: He |       |     1 |       ||     1
  Use: Scroll            |       |     9 |     4 ||    13
       Potion            |       |       |     9 ||     9
 Stab: Sleeping          |     1 |     3 |     4 ||     8
       Distracted        |       |       |     2 ||     2
       Confused          |       |       |     1 ||     1
  Eat: Chunk             |    15 |    11 |    24 ||    50
Armor: Robe              |    40 |    34 |    39 ||   113
Dodge: Dodged            |    64 |    64 |    68 ||   196

Table legend:
 A = Spawn XP
 B = Non-spawn XP
 C = Spawn XP percentage of total XP
 D = Spawn monster count
 E = Non-spawn monster count
 F = Spawn count percentage of total count
 G = Total turns spent on level
                    A         B        C        D         E        F      G
               +---------+---------+-------+---------+---------+-------+---------
         Total |       0 |    4494 |   0.0 |       0 |     151 |   0.0 |  4867
               +---------+---------+-------+---------+---------+-------+---------
           D:1 |       0 |      31 |   0.0 |       0 |      20 |   0.0 |   755
           D:2 |       0 |     107 |   0.0 |       0 |      23 |   0.0 |   733
           D:3 |       0 |     217 |   0.0 |       0 |      32 |   0.0 |   665
           D:4 |       0 |     630 |   0.0 |       0 |      19 |   0.0 |   518
           D:5 |       0 |     571 |   0.0 |       0 |      13 |   0.0 |   851
           D:6 |       0 |    1398 |   0.0 |       0 |      34 |   0.0 |   904
           D:7 |       0 |    1540 |   0.0 |       0 |      10 |   0.0 |   441
               +---------+---------+-------+---------+---------+-------+---------
